 Dungeon Crawl Stone Soup version 0.29-a0-542-g075992c915 (webtiles) character file.

Game seed: 6863697906110514889

77 bande the Protected (level 4, -4/32 HPs)
             Began as a Gnoll Wanderer on June 5, 2022.
             Succumbed to an orc wizard's poison
             ... on level 3 of the Dungeon.
             The game lasted 00:03:34 (3282 turns).

bande the Protected (Gnoll Wanderer)                Turns: 3282, Time: 00:03:35

Health: -4/32      AC: 14    Str: 14    XL:     4   Next: 34%
Magic:  20/20      EV:  7    Int: 11    God:
Gold:   162        SH:  0    Dex: 11    Spells: 13/13 levels left

rFire   . . .      SeeInvis .   a - +0 falchion
rCold   . . .      Faith    .   (no shield)
rNeg    . . .      Spirit   .   b - +0 chain mail
rPois   .          Reflect  .   m - +0 helmet
rElec   .          Harm     .   (no cloak)
rCorr   .          Rampage  .   (no gloves)
Will    .....                   j - +0 pair of boots
Stlth   ..........              (no amulet)
HPRegen 0.10/turn               g - ring of magical power
MPRegen 0.17/turn               (no ring)

@: lethally poisoned (-4 -> -29)
A: fangs 1, strong nose, distributed training
a: no special abilities


You were on level 3 of the Dungeon.
You visited 1 branch of the dungeon, and saw 4 of its levels.

You collected 162 gold pieces.

Inventory:

Hand Weapons
 a - a +0 falchion (weapon)
Armour
 b - a +0 chain mail (worn)
 j - a +0 pair of boots (worn)
 m - a +0 helmet (worn)
Jewellery
 g - a ring of magical power (left hand)
Scrolls
 c - a scroll of fog
 d - a scroll of summoning
 e - a scroll of teleportation
 h - a scroll of fear
Potions
 f - 3 potions of heal wounds {unknown}
 i - 5 potions of curing {unknown}
 k - a potion of lignification {unknown}
 l - a potion of cancellation {unknown}


   Skills:
 + Level 1.1 Fighting
 + Level 1.1 Short Blades
 + Level 4.6 Long Blades
 + Level 1.1 Axes
 + Level 1.1 Maces & Flails
 + Level 1.1 Polearms
 + Level 1.1 Staves
 + Level 1.1 Slings
 + Level 1.1 Bows
 + Level 1.1 Crossbows
 + Level 1.1 Throwing
 + Level 10.4 Armour
 + Level 2.7 Dodging
 + Level 1.1 Stealth
 + Level 1.1 Shields
 + Level 1.1 Unarmed Combat
 + Level 5.0 Spellcasting
 + Level 0.8 Conjurations
 + Level 0.8 Hexes
 + Level 0.8 Summonings
 + Level 0.8 Necromancy
 + Level 0.8 Translocations
 + Level 0.8 Transmutations
 + Level 0.8 Fire Magic
 + Level 0.8 Ice Magic
 + Level 0.8 Air Magic
 + Level 0.8 Earth Magic
 + Level 0.8 Poison Magic
 + Level 1.2 Invocations
 + Level 1.1 Evocations


You had 13 spell levels left.
You didn't know any spells.
Your spell library contained the following spells:

 Spells                   Type           Power      Damage    Failure   Level
 Apportation              Tloc           8%         N/A       91%         1
 Ensorcelled Hibernation  Hex/Ice        8%         N/A       97%         2
 Spider Form              Tmut/Pois      4%         N/A       99%         3
 Anguish                  Hex/Necr       2%         N/A       100%        4
 Alistair's Intoxication  Tmut/Pois      2%         N/A       100%        5


Dungeon Overview and Level Annotations

Branches:
Dungeon (4/15)
 Temple: D:4-7

Altars:


Innate Abilities, Weirdness & Mutations

You have very sharp teeth.
Your uncanny sense of smell can sniff out nearby items.
Your experience applies equally to all skills.


Message History

No target in view!
Unknown command.
You feel very sick.
There is a stone staircase leading up here.
You feel sick. Something hits you but does no damage.
You climb upwards.
Reactivating autopickup.
You feel very sick.
There is a stone staircase leading down here.
You feel sick.
You hear some strange, mumbled words.
Deactivating autopickup; reactivate with Ctrl-A.
You are confused.
You barely miss something.
You feel sick. Something hits you but does no damage.
You feel sick. Something hits you but does no damage.
You are more poisoned.
You feel very sick.
You bump into the rock wall.
You feel sick. Something hits you but does no damage.
You closely miss something. Your bite misses something.
You feel less confused.
You feel sick. Something hits you but does no damage.
You are lethally poisoned!
You miss something. Your bite misses something.
* * * LOW HITPOINT WARNING * * *
You feel very sick. Something hits you but does no damage.
You are more poisoned.
You closely miss something.
* * * LOW HITPOINT WARNING * * *
You feel very sick. Something hits you but does no damage.
You are more poisoned.
You miss something. Your punch misses something.
* * * LOW HITPOINT WARNING * * *
You feel very sick. Something hits you but does no damage.
You are more poisoned.
You hit something.
You die...

...## #..## #.....# #.. ...#
##..### ####..# #.. .### ##...#
#.## ####.. .# ###.#
##.########..... .#### #.##
##..##.......###. ....##
#..####.<.##.#####.###.
###..#######...##.#..........#...
# ##.......###.##.....#.#####....
#######......@{.............##
######..>...#.>###..##.....#
##>.....(##..........#####..##
##........###...#...#...#....#.
#..........##.....#####........
#.............#..## ###.###..
###..........##....# #...# ##.
.............##...## ##.#####..
###..........##...#### #..# #...#


There were no monsters in sight!

Vanquished Creatures
  3 adders (D:3)
  3 dart slugs
  7 endoplasms
  2 giant cockroaches
  3 goblins
  2 hobgoblins (D:1)
  7 kobolds
  3 quokkas
  5 ball pythons
  2 bats
  3 frilled lizards (D:1)
  3 rats
43 creatures vanquished.

Notes
Turn   | Place    | Note
-------+----------+-------------------------------------------
     0 | D:1      | Reached skill level 10 in Armour
     0 | D:1      | bande the Gnoll Wanderer began the quest for the Orb.
     0 | D:1      | bande set off with the following items: a +0 falchion, a +0
                  | chain mail, a scroll of fog, a scroll of summoning
     0 | D:1      | Reached XP level 1. HP: 13/13 MP: 6/6
   486 | D:1      | Reached XP level 2. HP: 19/19 MP: 7/7
   786 | D:1      | Found a faded altar of an unknown god.
  1135 | D:1      | Reached XP level 3. HP: 19/25 MP: 9/9
  1383 | D:1      | Reached skill level 5 in Spellcasting
  1952 | D:2      | Reached skill level 1 in Invocations
  2292 | D:3      | Reached skill level 1 in Fighting
  2292 | D:3      | Reached skill level 1 in Short Blades
  2292 | D:3      | Reached skill level 1 in Axes
  2292 | D:3      | Reached skill level 1 in Maces & Flails
  2292 | D:3      | Reached skill level 1 in Polearms
  2292 | D:3      | Reached skill level 1 in Staves
  2292 | D:3      | Reached skill level 1 in Slings
  2292 | D:3      | Reached skill level 1 in Bows
  2292 | D:3      | Reached skill level 1 in Crossbows
  2292 | D:3      | Reached skill level 1 in Throwing
  2292 | D:3      | Reached skill level 1 in Stealth
  2292 | D:3      | Reached skill level 1 in Shields
  2292 | D:3      | Reached skill level 1 in Unarmed Combat
  2292 | D:3      | Reached skill level 1 in Evocations
  2549 | D:3      | Reached XP level 4. HP: 4/32 MP: 11/11
  3281 | D:3      | HP: 1/32 [poisoned by an orc wizard]
  3282 | D:3      | Succumbed to an orc wizard's poison

Illustrated notes

Levels and vault maps discovered:
D:1:      minmay_arrival_plants_in_alcoves, layout_basic,
          ebering_ecumenical_altar_webs
D:2:      layout_rooms
D:3:      layout_rooms
D:4:      layout_basic, okawaru_altar_gauntlet_db,
          gammafunk_temple_overflow_pools, minmay_temple_entry_slanted,
          st_stairs_13, hangedman_abyss_or_decor_passed, uniq_blork_the_orc

Skill      XL: |  1  2  3 |
---------------+----------+-----
Armour         | | 10.4
Spellcasting   | 5 |  5.0
Invocations    | 1 |  1.2
Fighting       | 1 |  1.1
Short Blades   | 1 |  1.1
Axes           | 1 |  1.1
Maces & Flails | 1 |  1.1
Polearms       | 1 |  1.1
Staves         | 1 |  1.1
Slings         | 1 |  1.1
Bows           | 1 |  1.1
Crossbows      | 1 |  1.1
Throwing       | 1 |  1.1
Stealth        | 1 |  1.1
Shields        | 1 |  1.1
Unarmed Combat | 1 |  1.1
Evocations     | 1 |  1.1
Long Blades    | |  4.6
Dodging        | |  2.7
Conjurations   | |  0.8
Hexes          | |  0.8
Summonings     | |  0.8
Necromancy     | |  0.8
Translocations | |  0.8
Transmutations | |  0.8
Fire Magic     | |  0.8
Ice Magic      | |  0.8
Air Magic      | |  0.8
Earth Magic    | |  0.8
Poison Magic   | |  0.8

Action                   |  1- 3 |  4- 6 || total
-------------------------+-------+-------++-------
Melee: Falchion          |   151 |    35 ||   186
       Bite              |    12 |     2 ||    14
  Use: Scroll            |     2 |       ||     2
Armor: Chain mail        |   109 |    25 ||   134
Dodge: Dodged            |    66 |    14 ||    80

Table legend: (Time is in decaauts)
 A = Elapsed time spent in this place.
 B = Non-inter-level travel time spent in this place.
 C = Inter-level travel time spent in this place.
 D = Time resting spent in this place.
 E = Time spent auto-exploring this place.
 F = Levels seen in this place.
 G = Mean time per level.
                   A        B        C        D        E       F      G
               +--------+--------+--------+--------+--------+-----+--------+
         Total |   3293 |   3275 |     18 |    920 |   1821 |   4 |  823.2 |
       Dungeon |   3293 |   3275 |     18 |    920 |   1821 |   4 |  823.2 |
               +--------+--------+--------+--------+--------+-----+--------+

Top non-repeatable levels by time:
     D:1: 1466 daAuts
     D:3: 1137 daAuts
     D:2: 677 daAuts
     D:4: 12 daAuts
